 Dungeon Crawl Stone Soup version 0.29-a0-43-g62a80824bf (webtiles) character file.

Game seed: 7215063804542407491

707 belegose the Cudgeller (level 7, -8/55 (60) HPs)
             Began as a Gnoll Cinder Acolyte on Feb 2, 2022.
             Was a High Priest of Ignis.
             Mangled by a hell rat (12 damage)
             ... in a sewer.
             The game lasted 00:10:57 (6195 turns).

belegose the Cudgeller (Gnoll Cinder Acolyte)       Turns: 6195, Time: 00:10:57

HP:   -8/55 (60)    AC:  5    Str: 13    XL:     7   Next: 67%
MP:   12/12         EV: 10    Int: 20    God:    Ignis [*****.]
Gold: 138           SH:  0    Dex:  9    Spells: 13/13 levels left

rFire   + . .      SeeInvis .   a - -1 mace (flame)
rCold   . . .      Faith    .   (no shield)
rNeg    . . .      Spirit   .   o - +0 ring mail
rPois   .          Reflect  .   (no helmet)
rElec   .          Harm     .   (no cloak)
rCorr   .          Rampage  .   (no gloves)
Will    .....                   (no boots)
Stlth   +.........              (no amulet)
HPRegen 0.18/turn               w - +6 ring of intelligence
MPRegen 0.13/turn               (no ring)

@: mighty, drained
A: fangs 1, strong nose, distributed training
a: Renounce Religion, Fiery Armour, Foxfire Swarm, Rising Flame


You were in a sewer.
You worshipped Ignis.
Ignis was extremely pleased with you.
You visited 2 branches of the dungeon, and saw 6 of its levels.
You also visited: Sewer.

You collected 138 gold pieces.

Inventory:

Hand Weapons
 a - a -1 mace of flaming (weapon)
 b - a +2 hand axe of venom
 i - a +3 dagger
 x - a +0 hand crossbow
Missiles
 e - 76 stones
 g - 8 poisoned darts (quivered)
 k - 35 arrows
 m - 61 sling bullets
 v - a throwing net
Armour
 o - a +0 ring mail (worn)
Jewellery
 w - a +6 ring of intelligence (left hand)
Wands
 y - a wand of iceblast (7)
Scrolls
 c - 2 scrolls of enchant armour {unknown}
 f - 2 scrolls of identify {unknown}
 h - 2 scrolls of teleportation {unknown}
 l - a scroll of summoning {unknown}
 p - a scroll of immolation {unknown}
 t - a scroll of enchant weapon {unknown}
Potions
 j - a potion of curing {unknown}
 q - a potion of brilliance {unknown}
 r - a potion of berserk rage {unknown}
 s - a potion of mutation {unknown}


   Skills:
 + Level 7.1 Fighting
 + Level 2.6 Short Blades
 + Level 2.6 Long Blades
 + Level 2.6 Axes
 + Level 7.1 Maces & Flails
 + Level 2.6 Polearms
 + Level 2.6 Staves
 + Level 2.6 Slings
 + Level 2.6 Bows
 + Level 2.6 Crossbows
 + Level 2.6 Throwing
 + Level 2.6 Armour
 + Level 2.6 Dodging
 + Level 2.6 Stealth
 + Level 2.6 Shields
 + Level 2.6 Unarmed Combat
 + Level 3.9 Spellcasting
 + Level 2.1 Conjurations
 + Level 2.1 Hexes
 + Level 2.1 Summonings
 + Level 2.1 Necromancy
 + Level 2.1 Translocations
 + Level 2.1 Transmutations
 + Level 5.9 Fire Magic
 + Level 2.1 Ice Magic
 + Level 2.1 Air Magic
 + Level 2.1 Earth Magic
 + Level 2.1 Poison Magic
 + Level 2.9 Invocations
 + Level 2.6 Evocations


You had 13 spell levels left.
You didn't know any spells.
Your spell library contained the following spells:

 Spells                   Type           Power      Damage    Failure   Level
 Scorch                   Fire           54%        2d7       3%          2


Dungeon Overview and Level Annotations

Branches:
Dungeon (5/15)             Temple (1/1) D:4           Sewer (1/1)

Altars:
Ashenzari
Cheibriados
Dithmenos
Elyvilon
Fedhas
Kikubaaqudgha
Makhleb
Okawaru
Qazlal
Ru
Sif Muna
Trog
Uskayaw
Xom
Yredelemnul
Zin
The Shining One

Annotations:
D:4 1 runed translucent door, exclusion: door, badtown22's ghost, amateur GnWr
D:5 Sigmund


Innate Abilities, Weirdness & Mutations

You have very sharp teeth.
Your uncanny sense of smell can sniff out nearby items.
Your experience applies equally to all skills.


Message History

You enter the shallow water.
Moving in this stuff is going to be slow.
You open the door.
A hell rat comes into view.
The hell rat moves out of view.
Found four items.
Found a gate leading back out of this place.
Found 2 inky potions, a scroll labelled DENU FEMETE and a grey potion.
There is an open door here.
You enter the shallow water.
Moving in this stuff is going to be slow.
The hell rat closely misses you.
You barely miss the hell rat. The hell rat closely misses you.
Your +2 hand axe of venom stops dripping with poison.
Your -1 mace of flaming bursts into flame!
a - a -1 mace of flaming (weapon)
You hit the hell rat but do no damage. Your bite misses the hell rat.
The hell rat splashes around in the water.
The hell rat bites you.
You hit the hell rat but do no damage.
The hell rat splashes around in the water.
You hit the hell rat but do no damage. The hell rat barely misses you.
You barely miss the hell rat.
You bite the hell rat, but do no damage.
The hell rat bites you!
You barely miss the hell rat. The hell rat barely misses you.
You hit the hell rat but do no damage. The hell rat barely misses you.
The hell rat bites you!
You hit the hell rat but do no damage.
The hell rat bites you but does no damage.
You feel very mighty all of a sudden.
The hell rat bites you but does no damage.
You closely miss the hell rat. Your bite misses the hell rat.
The hell rat bites you!
You feel drained.
You closely miss the hell rat. The hell rat bites you!
* * * LOW HITPOINT WARNING * * *
You feel drained.
* * * LOW HITPOINT WARNING * * *
The hell rat bites you!
You die...

#####
###≈..###
#≈..≈≈≈≈#
##≈..≈.≈.##
#≈.≈###...#
##..##≈##.≈##
#.†.#.≈.#...#
#≈.##!.≈##@≈#
#≈.#?!≈≈.#r≈#
#∩∩#∩?≈≈≈'≈≈#
#..#!!≈≈.#≈.#
#.≈##?≈≈##..#
#≈≈≈#.≈≈#≈.≈#
##..##≈##..##
#.≈≈###≈.≈#
##.≈≈...≈##


You could see a hell rat.

Vanquished Creatures
  A black bear (D:5)
  A phantom (D:4)
  3 scorpions
  A hound (D:4)
  3 orc priests
  A hound skeleton (D:4)
  5 adders
  4 gnolls (D:4)
  2 river rats
  A howler monkey skeleton (D:4)
  A shadow imp (D:5)
  An adder zombie (D:3)
  2 worms
  3 dart slugs
  11 orcs
  6 ball pythons
  5 endoplasms
  5 giant cockroaches
  9 goblins
  2 hobgoblins (D:3)
  4 jackals (D:3)
  5 quokkas
  6 bats
  5 frilled lizards
  5 kobolds
  A quokka skeleton (D:2)
  10 rats
103 creatures vanquished.

Notes
Turn   | Place    | Note
-------+----------+-------------------------------------------
     0 | D:1      | belegose the Gnoll Cinder Acolyte began the quest for the
                  | Orb.
     0 | D:1      | Reached XP level 1. HP: 23/23 MP: 4/4
   183 | D:1      | Reached XP level 2. HP: 29/29 MP: 5/5
   744 | D:2      | Reached XP level 3. HP: 35/35 MP: 7/7
   746 | D:2      | Noticed a floating eye
   748 | D:2      | Found a faded altar of an unknown god.
   899 | D:2      | Noticed a golden eye
   931 | D:2      | Reached skill level 1 in Invocations
  1399 | D:2      | Noticed a great orb of eyes
  1404 | D:2      | Noticed a shining eye
  1847 | D:2      | Reached skill level 1 in Short Blades
  1847 | D:2      | Reached skill level 1 in Long Blades
  1847 | D:2      | Reached skill level 1 in Axes
  1847 | D:2      | Reached skill level 1 in Polearms
  1847 | D:2      | Reached skill level 1 in Staves
  1847 | D:2      | Reached skill level 1 in Slings
  1847 | D:2      | Reached skill level 1 in Bows
  1847 | D:2      | Reached skill level 1 in Crossbows
  1847 | D:2      | Reached skill level 1 in Throwing
  1847 | D:2      | Reached skill level 1 in Armour
  1847 | D:2      | Reached skill level 1 in Dodging
  1847 | D:2      | Reached skill level 1 in Stealth
  1847 | D:2      | Reached skill level 1 in Shields
  1847 | D:2      | Reached skill level 1 in Unarmed Combat
  1847 | D:2      | Reached skill level 1 in Evocations
  2218 | D:3      | Found a shimmering altar of Xom.
  2220 | D:3      | Found a shimmering altar of Xom.
  2234 | D:3      | Reached XP level 4. HP: 29/41 MP: 8/8
  2371 | D:3      | Found a shimmering altar of Xom.
  2374 | D:3      | Found a shimmering altar of Xom.
  2403 | D:3      | Found a shimmering altar of Xom.
  2404 | D:3      | Found a shimmering altar of Xom.
  2659 | D:3      | Found a shimmering altar of Xom.
  2773 | D:3      | Found a shimmering altar of Xom.
  2828 | D:3      | Noticed a scorpion
  2841 | D:3      | Killed a scorpion
  2842 | D:3      | Reached skill level 1 in Conjurations
  2842 | D:3      | Reached skill level 1 in Hexes
  2842 | D:3      | Reached skill level 1 in Summonings
  2842 | D:3      | Reached skill level 1 in Necromancy
  2842 | D:3      | Reached skill level 1 in Translocations
  2842 | D:3      | Reached skill level 1 in Transmutations
  2842 | D:3      | Reached skill level 1 in Ice Magic
  2842 | D:3      | Reached skill level 1 in Air Magic
  2842 | D:3      | Reached skill level 1 in Earth Magic
  2842 | D:3      | Reached skill level 1 in Poison Magic
  2842 | D:3      | Reached XP level 5. HP: 33/47 MP: 9/9
  3466 | D:3      | Reached XP level 6. HP: 48/53 MP: 10/10
  3812 | D:4      | Found a staircase to the Ecumenical Temple.
  3832 | Temple   | Entered the Ecumenical Temple
  4789 | D:4      | Found a runed translucent door.
  4835 | D:4      | Reached XP level 7. HP: 59/59 MP: 12/12
  4953 | D:4      | Noticed badtown22's ghost (amateur GnWr)
  5469 | D:5      | Entered Level 5 of the Dungeon
  5582 | D:5      | Noticed Sigmund
  5675 | D:5      | Found a burning altar of Makhleb.
  5874 | D:5      | Found a glowing drain.
  5880 | Sewer    | Entered a sewer
  6195 | Sewer    | Mangled by a hell rat

Illustrated notes

Levels and vault maps discovered:
D:1:      minmay_arrival_glassed_features, layout_rooms, minmay_tetromino_l2
D:2:      layout_basic, hellmonk_ecumenical_altar_watching_god
D:3:      layout_rooms, xom_redecorated, kennysheep_generic_room_15
D:4:      layout_basic, minmay_temple_entry_proselytizer, ebering_ghost_sewer_d,
          serial_rivers, chequers_serial_rivers_large_b,
          chequers_serial_rivers_room_b, chequers_serial_rivers_room_a,
          chequers_serial_rivers_small_b, chequers_serial_rivers_room_b,
          chequers_serial_rivers_room_b, st_stairs_11
D:5:      layout_basic, bloody_makhleb, gup_sewer_entry_bowl, st_stairs_10,
          uniq_sigmund
Temple:   regret_index_temple_waves
Sewer:    sewer_hellmonk_bad_rat

Skill      XL: |  1  2  3  4  5  6  7 |
---------------+----------------------+-----
Invocations    | 1 2 |  2.9
Short Blades   | 1 2 |  2.6
Long Blades    | 1 2 |  2.6
Axes           | 1 2 |  2.6
Polearms       | 1 2 |  2.6
Staves         | 1 2 |  2.6
Slings         | 1 2 |  2.6
Bows           | 1 2 |  2.6
Crossbows      | 1 2 |  2.6
Throwing       | 1 2 |  2.6
Armour         | 1 2 |  2.6
Dodging        | 1 2 |  2.6
Stealth        | 1 2 |  2.6
Shields        | 1 2 |  2.6
Unarmed Combat | 1 2 |  2.6
Evocations     | 1 2 |  2.6
Spellcasting   | 3 |  3.9
Conjurations   | 1 2 |  2.1
Hexes          | 1 2 |  2.1
Summonings     | 1 2 |  2.1
Necromancy     | 1 2 |  2.1
Translocations | 1 2 |  2.1
Transmutations | 1 2 |  2.1
Ice Magic      | 1 2 |  2.1
Air Magic      | 1 2 |  2.1
Earth Magic    | 1 2 |  2.1
Poison Magic   | 1 2 |  2.1
Fighting       | 7 |  7.1
Maces & Flails | 7 |  7.1
Fire Magic     | |  5.9

Action                   |  1- 3 |  4- 6 |  7- 9 || total
-------------------------+-------+-------+-------++-------
Melee: Mace              |    80 |   114 |    12 ||   206
       Bite              |     6 |    18 |     5 ||    29
       Dagger            |    49 |       |       ||    49
       Punch             |     1 |     5 |     4 ||    10
       Hand axe          |       |    44 |    54 ||    98
Throw: Dart              |       |     5 |     4 ||     9
  Use: Potion            |       |       |     5 ||     5
 Stab: Sleeping          |     1 |       |       ||     1
Armor: Robe              |    32 |     1 |       ||    33
       Ring mail         |       |    51 |    11 ||    62
Dodge: Dodged            |    73 |    84 |    32 ||   189

Table legend: (Time is in decaauts)
 A = Elapsed time spent in this place.
 B = Non-inter-level travel time spent in this place.
 C = Inter-level travel time spent in this place.
 D = Time resting spent in this place.
 E = Time spent auto-exploring this place.
 F = Levels seen in this place.
 G = Mean time per level.
                   A        B        C        D        E       F      G
               +--------+--------+--------+--------+--------+-----+--------+
         Total |   6312 |   5830 |    482 |   1061 |   3358 |   7 |  901.7 |
       Dungeon |   5676 |   5263 |    413 |    675 |   3300 |   5 | 1135.2 |
        Temple |    309 |    240 |     69 |    164 |     58 |   1 |  309.0 |
         Sewer |    327 |    327 |      0 |    222 |      0 |   1 |  327.0 |
               +--------+--------+--------+--------+--------+-----+--------+

Top non-repeatable levels by time:
     D:4: 1739 daAuts
     D:2: 1714 daAuts
     D:3: 1201 daAuts
     D:1: 771 daAuts
   Sewer: 327 daAuts
  Temple: 309 daAuts
     D:5: 250 daAuts
